AoeStats
← Gul_Durak

Arena

510340951Analyzed
1v1 RM · 23h ago on Sep 30, 2026· 38m 54s· 2 players
Game mode
Random Map
Map size
Tiny (2 player)
Population
200
Speed
Normal
Resources
Standard
Victory
Conquest
Starting age
Dark Age
Ending age
Imperial Age
RankedLock teamsTeams togetherTeam positionsShared explorationLock speedFull tech treeHidden civsTurbo modeCheats
Victory
Defeat
🇩🇪 Bulgarians · Germany
1166
+14
🇿🇦 Saxons · South Africa
1126
-14
Smitealot_aoe
4:42 Loom
12:21 Feudal Age
14:03 Loom
16:52 Castle Age
15:08 Double-Bit Axe
15:07 Horse Collar
15:42 Town Watch
18:52 Wheelbarrow
23:27 Bow Saw
23:55 Heavy Plow
26:10 Gold Mining
27:40 Hand Cart
31:05 Imperial Age
29:34 Scale Mail Armor
29:45 Forging
29:54 Squires
29:40 Gambesons
30:46 Chain Mail Armor
35:28 Conscription
35:21 Heavy Scorpion
39:06 Plate Mail Armor
39:12 Iron Casting
Gul_Durak
11:02 Feudal Age
9:20 Loom
15:09 Castle Age
13:31 Double-Bit Axe
13:42 Horse Collar
22:53 Town Watch
24:08 Wheelbarrow
24:49 Gold Mining
24:52 Stone Mining
25:45 Bow Saw
25:41 Heavy Plow
30:56 Imperial Age
28:18 Fletching
28:59 Bodkin Arrow
29:25 Padded Archer Armor
30:03 Bloodlines
29:54 Husbandry
30:10 Leather Archer Armor
30:45 Stone Shaft Mining
30:33 Scale Barding Armor
29:51 Light Cavalry
31:29 Ballistics
31:33 Chain Barding Armor
31:49 Thumb Ring
32:37 Bracer
33:08 Hand Cart
33:24 Parthian Tactics
33:38 Conscription
34:07 Siege Engineers
35:49 Plate Barding Armor
35:36 Forging
35:29 Hussar
38:03 Heavy Cavalry Archer
Connection lost

Rejoining the realm…

Still unreachable

The connection could not be restored.

Session expired

The server has moved on; the page needs a fresh start.